 Dungeon Crawl Stone Soup version 0.31-a0-1074-g0b22e4e0f1 (webtiles) character file.

Game seed: 10932088882675721144

16 drugrobin the Sneak (level 2, -3/25 HPs)
             Began as a Demigod Delver on Dec 7, 2023.
             Slain by Robin
             ... wielding a +0 spear
              (5 damage)
             ... on level 4 of the Dungeon.
             The game lasted 00:02:00 (213 turns).

drugrobin the Sneak (Demigod Delver)                 Turns: 213, Time: 00:02:01

Health: -3/25      AC:  3    Str: 13    XL:     2   Next: 24%
Magic:  4/4        EV: 11    Int: 12    God:
Gold:   6          SH:  0    Dex: 15    Spells: 1/1 levels left

rFire   . .          .
                       - Unarmed
rCold   . . .        (no shield)
rNeg    . . .        a - +0 leather armour
rPois   .            (no helmet)
rElec   .            (no cloak)
rCorr   .            (no gloves)
SInv    .            (no boots)
Will    .....        (no amulet)
Stlth   +++          (no ring)
HPRegen 0.24/turn    (no ring)
MPRegen 0.09/turn

%: no passive effects
@: hasted, very quick
A: high MP 1, forlorn, divine attributes
a: no special abilities


You were on level 4 of the Dungeon.
You visited 1 branch of the dungeon, and saw 2 of its levels.

You collected 6 gold pieces.

Inventory:

Hand Weapons
 g - a +1 war axe of flaming
Armour
 a - a +0 leather armour (worn)
Wands
 f - a wand of digging (2)
Scrolls
 b - a scroll of fog
 c - a scroll of revelation
 d - a scroll of fear
 h - a scroll of immolation {unknown}
 i - a scroll of poison {unknown}


   Skills:
 - Level 2.6 Fighting
 - Level 1.7 Dodging
 - Level 4.5 Stealth
 + Level 2.8 Unarmed Combat


You had one spell level left.
You didn't know any spells.
Your spell library was empty.

Dungeon Overview and Level Annotations

Branches:
Dungeon (5/15)             Temple (0/1) D:5

Annotations:
D:4 Ijyb, Robin


Innate Abilities, Weirdness & Mutations

You have an increased reservoir of magic. (+10% MP)
You shall have no god before yourself.
Your divine heritage dramatically boosts your attributes as you level up.


Message History

You kill the goblin!
Unknown command.
You hit the hobgoblin.
The hobgoblin is lightly wounded.
The hobgoblin misses you.
Unknown command.
Unknown command.
You hit the hobgoblin but do no damage.
The hobgoblin is lightly wounded.
The hobgoblin closely misses you.
You hit the hobgoblin but do no damage.
The hobgoblin is lightly wounded.
The hobgoblin closely misses you.
You hit the hobgoblin.
The hobgoblin is almost dead.
The hobgoblin misses you.
You hit the hobgoblin but do no damage.
The hobgoblin is almost dead.
The hobgoblin hits you but does no damage.
You hit the hobgoblin but do no damage.
The hobgoblin is almost dead.
The hobgoblin closely misses you.
You hit the hobgoblin.
You kill the hobgoblin!
Okay, then.
Okay, then.
Unknown command.
Okay, then.
Unknown command.
You barely miss Robin. Robin hits you with a +0 spear.
* * * LOW HITPOINT WARNING * * *
Unknown command.
Unknown command.
You feel yourself speed up.
Robin flexes a bicep menacingly.
Robin barely misses you. Robin attacks as they pursue you!
Robin hits you from afar with a +0 spear.
You die...
Robin calls out, "Let's celebrate!
Time for a feast!"

##'## #...## #.#
##.#.#.## #.#
#.##....# ...
##g###.## .g.
#.#g.# .!...
##)#.# gg..#
#g##.#
gg..###.#.###.##.#
.......@....#
...#.#.###### #.
.# ##


You could see Robin and a hobgoblin.

Vanquished Creatures
  An orc (D:5)
  6 goblins (D:4)
  4 hobgoblins (D:4)
11 creatures vanquished.

Notes
Turn   | Place    | Note
-------+----------+-------------------------------------------
     0 | D:5      | drugrobin the Demigod Delver began the quest for the Orb.
     0 | D:5      | Reached XP level 1. HP: 18/18 MP: 3/3
    16 | D:5      | Found a staircase to the Ecumenical Temple.
    16 | D:5      | Noticed a hound
   117 | D:4      | Noticed Ijyb
   141 | D:4      | Identified the +0 helmet of the Land of Plenty {Int+3}
   141 | D:4      | Noticed Robin
   180 | D:4      | Reached XP level 2. HP: 14/25 MP: 4/4
   213 | D:4      | Slain by Robin

Illustrated notes

Levels and vault maps discovered:
D:4:      layout_loops_corners, nicolae_take_the_stairs, uniq_robin, uniq_ijyb
D:5:      layout_basic, good_gods_temple_1, nicolae_kikubaaqudgha_miasma_corner,
          mainiacjoe_overflow_alcove_3, minmay_temple_entry_statues_fountains

Skill      XL: |  1 |
---------------+----+-----
Unarmed Combat | 2 |  2.8
Fighting       | |  2.6
Dodging        | |  1.7
Stealth        | |  4.5

Action                     || total
---------------------------++-------
  Melee: Unarmed           ||    40
         Punch             ||     1
  Evoke: Wand              ||     1
    Use: Potion            ||     1
   Stab: Sleeping          ||     1
 Armour: Leather armour    ||    21
  Dodge: Dodged            ||    14

Table legend: (Time is in decaauts)
 A = Elapsed time spent in this place.
 B = Non-inter-level travel time spent in this place.
 C = Inter-level travel time spent in this place.
 D = Time resting spent in this place.
 E = Time spent auto-exploring this place.
 F = Levels seen in this place.
 G = Mean time per level.
                   A        B        C        D        E       F      G
               +--------+--------+--------+--------+--------+-----+--------+
         Total |    210 |    210 |      0 |     10 |     15 |   2 |  105.0 |
       Dungeon |    210 |    210 |      0 |     10 |     15 |   2 |  105.0 |
               +--------+--------+--------+--------+--------+-----+--------+

Top non-repeatable levels by time:
     D:4: 152 daAuts
     D:5: 58 daAuts
